 Dungeon Crawl Stone Soup version 0.17-a0-1701-gf693a3f (webtiles) character file.

201 urechis the Conjurer (level 5, -1/38 HPs)
             Began as a Draconian Conjurer on Aug 21, 2015.
             Succumbed to poison (a potion of poison)
             ... on level 3 of the Dungeon.
             The game lasted 00:04:25 (2573 turns).

urechis the Conjurer (Draconian Conjurer)           Turns: 2573, Time: 00:04:25

Health: -1/38      AC:  6    Str: 14    XL:     5   Next: 50%
Magic:  5/10       EV: 12    Int: 16    God:
Gold:   99         SH:  0    Dex: 11    Spells: 1 memorised, 10 levels left

rFire  . . .     SeeInvis .     k - +2 hand axe (elec)
rCold  . . .     Clarity  .     (armour unavailable)
rNeg   . . .     SustAt   .     (no shield)
rPois  .         Gourm    .     (helmet restricted)
rElec  .         Spirit   .     (no cloak)
rCorr  .         Warding  .     (no gloves)
rMut   .         Stasis   .     f - +0 pair of boots
MR     .....                    (no amulet)
Stlth  ++........               (no ring)
                                e - +3 ring of strength

@: lethally poisoned (-1 -> -14), not resistant to hostile enchantments,
unstealthy
A: unfitting armour, cold-blooded, AC +5
a: no special abilities


You were on level 3 of the Dungeon.
You were not hungry.

You visited 1 branch of the dungeon, and saw 3 of its levels.

You collected 99 gold pieces.

Inventory:

Hand weapons
 k - a +2 hand axe of electrocution (weapon)
Armour
 f - a +0 pair of boots (worn)
Jewellery
 e - a +3 ring of strength (left hand)
Magical devices
 n - a wand of polymorph (3)
 y - a wand of magic darts (21)
 z - a wand of frost (25)
Scrolls
 c - 2 scrolls of teleportation {unknown}
 h - a scroll of immolation {unknown}
 i - 2 scrolls of remove curse {unknown}
 j - 6 scrolls of identify {unknown}
 m - a scroll of recharging {unknown}
 s - a scroll of enchant armour {unknown}
 v - a scroll of fog {unknown}
 x - a scroll of enchant weapon {unknown}
Potions
 g - a potion of haste {unknown}
 o - a potion of cure mutation {unknown}
 p - a potion of poison
 q - a potion of curing {unknown}
 r - 2 potions of lignification {unknown}
 u - a potion of invisibility {unknown}
 w - a potion of flight {unknown}
Books
 a - a book of Conjurations

   Spells                             Type                      Level
   a - Magic Dart                     Conjuration                  1
   b - Searing Ray                    Conjuration                  2
   c - Dazzling Spray                 Conjuration/Hexes            3
   d - Fulminant Prism                Conjuration/Hexes            4
   e - Iskenderun's Mystic Blast      Conjuration                  4
   f - Iskenderun's Battlesphere      Conjuration/Charms           5
Comestibles
 b - 5 bread rations
 d - 3 meat rations
 l - a slice of pizza
 t - a royal jelly
 A - 3 chunks of flesh


   Skills:
 - Level 1.7 Dodging
 - Level 1.7 Stealth
 + Level 3.9 Spellcasting
 + Level 5.6 Conjurations


You had 10 spell levels left.
You knew the following spells:

 Your Spells              Type           Power        Failure   Level  Hunger
a - Magic Dart            Conj           ###.         1%          1    None


Dungeon Overview and Level Annotations

Branches:
Dungeon (3/15)

Altars:
Cheibriados
Fedhas
Okawaru
Qazlal


Innate Abilities, Weirdness & Mutations

Your plain brown scales are hard (AC +5).
Your body does not fit into most forms of armour.
You are cold-blooded and may be slowed by cold attacks.


Message History

Aiming: Magic Dart
Press: ? - help, Shift-Dir - straight line, f/p - orc priest
Aim: an orc priest, wielding a flail and wearing a leather armour (almost dead)
The magic dart hits the orc priest.
You kill the orc priest!
You hear some strange, mumbled words.
A magic dart appears from out of thin air!
The magic dart hits you!
* * * LOW HITPOINT WARNING * * *
You closely miss something. Something hits you.
* * * LOW HITPOINT WARNING * * *
Something hits you but does no damage.
You hit something. Something hits you.
* * * LOW HITPOINT WARNING * * *
Sorry, you're not good enough to have a special ability.
Drink which item? (? for menu, Esc to quit)
It was a potion of poison.
That liquid tasted very nasty...
You are lethally poisoned!
You die...

#..............)....#...##.##..#
#####################...##.##..#
#.# #.....##...... #.#
#.....####.... #.# ####### #.###
# #.. ..# #.# #.##.##.# #.# #.#
#......)#####.### #.#
#.##@##......# #.#
#.).{...##.#.# #)#
####.##.##.#.####.#
#......).......#
####.####.###### #.####.#
#......# ########


There were no monsters in sight!

Vanquished Creatures
  An orc priest (D:3)
  Terence (D:2)
  Natasha (thrice) (D:2)
  An orc wizard (D:3)
  4 adders
  3 giant geckos
  4 orcs (D:3)
  2 bats
  2 giant cockroaches (D:3)
  8 goblins
  5 hobgoblins
  4 kobolds
  A ball python (D:2)
  A giant newt (D:1)
  4 jackals (D:2)
  14 rats
58 creatures vanquished.

Notes
Turn   | Place    | Note
--------------------------------------------------------------
     0 | D:1      | urechis the Draconian Conjurer began the quest for the Orb.
     0 | D:1      | Reached XP level 1. HP: 14/14 MP: 3/3
   441 | D:1      | Reached XP level 2. HP: 20/20 MP: 1/5
   662 | D:1      | Found a snail-covered altar of Cheibriados.
  1068 | D:2      | Noticed Terence
  1138 | D:2      | Killed Terence
  1138 | D:2      | Reached XP level 3. HP: 18/26 MP: 5/7
  1507 | D:2      | Reached XP level 4. HP: 27/33 MP: 8/8
  1633 | D:2      | Noticed Natasha
  1644 | D:2      | Killed Natasha
  1644 | D:2      | Reached skill level 5 in Conjurations
  1769 | D:2      | Noticed Natasha
  1775 | D:2      | Killed Natasha
  1903 | D:2      | Noticed Natasha
  1904 | D:2      | Killed Natasha
  1991 | D:3      | Reached XP level 5. HP: 29/38 MP: 10/10
  2203 | D:3      | Found an iron altar of Okawaru.
  2232 | D:3      | Found a blossoming altar of Fedhas.
  2384 | D:3      | Found a stormy altar of Qazlal.
  2572 | D:3      | HP: 1/38 [something (3)]
  2573 | D:3      | Succumbed to poison (a potion of poison)

Vault maps used:
D:1:      saegor_arrival_simple_a, cheibriados_altar_1
D:2:      uniq_natasha, uniq_terence
D:3:      old_standard_altar, lemuel_coloured_pillars_altar, fedhas_altar_1

Action                   |  1- 3 |  4- 6 || total
-------------------------+-------+-------++-------
Melee: Unarmed           |     8 |       ||     8
       Short sword       |     2 |       ||     2
       Hand axe          |    40 |    79 ||   119
 Cast: Magic Dart        |    22 |    19 ||    41
  Use: Potion            |       |     1 ||     1
 Stab: Sleeping          |     2 |     2 ||     4
  Eat: Chunk             |     2 |     4 ||     6
